 Dungeon Crawl Stone Soup version 0.28-a0-872-g80cf8599ee (webtiles) character file.

Game seed: 10192882513789400100

140 orbtoucher the Stinger (level 5, -8/33 HPs)
             Began as an Octopode Venom Mage on Nov 21, 2021.
             Asphyxiated
             ... in a sewer.
             The game lasted 00:17:03 (4584 turns).

orbtoucher the Stinger (Octopode Venom Mage)        Turns: 4584, Time: 00:17:06

Health: -8/33      AC:  1    Str:  8    XL:     5   Next: 22%
Magic:  3/9        EV: 13    Int: 18    God:
Gold:   25         SH:  0    Dex: 12    Spells: 3/9 levels left

rFire   . . .      SeeInvis .   a - +0 dagger (protect)
rCold   . . .      Faith    .   (no shield)
rNeg    . . .      Spirit   .   (helmet restricted)
rPois   .          Reflect  .   (no amulet)
rElec   .          Harm     .   d - ring of resist corrosion
rCorr   +          Rampage  .   (no ring)
Will    .....                   (no ring)
Stlth   ++++......              (no ring)
HPRegen 0.11/turn               (no ring)
MPRegen 0.11/turn               (no ring)
                                (no ring)
                                (no ring)

@: brilliant, lethally poisoned (-8 -> -25), slowed, invisible, very slow
A: almost no armour, amphibious, 8 rings, camouflage 1, gelatinous body 1,
nimble swimmer 1, tentacles
a: no special abilities


You were in a sewer.
You visited 1 branch of the dungeon, and saw 4 of its levels.
You also visited: Sewer.

You collected 80 gold pieces.
You spent 55 gold pieces at shops.

Inventory:

Hand Weapons
 a - a +0 dagger of protection (weapon)
 l - a +0 short sword
Missiles
 c - 53 stones (quivered)
 m - 12 sling bullets
Jewellery
 d - a ring of resist corrosion (left tentacle)
Scrolls
 e - 2 scrolls of teleportation
 f - a scroll of noise {unknown}
 h - 3 scrolls of immolation {unknown}
 i - 2 scrolls of identify {unknown}
 n - 2 scrolls of blinking {unknown}
Potions
 b - a potion of flight {unknown}
 g - 3 potions of brilliance
 j - a potion of cancellation {unknown}
 k - a potion of magic {unknown}
 p - 2 potions of mutation {unknown}
 q - 2 potions of invisibility
 r - 2 potions of haste {unknown}


   Skills:
 + Level 1.6 Fighting
 + Level 2.7 Dodging
 + Level 3.8 Stealth
 + Level 2.6 Spellcasting
 - Level 1.0 Transmutations
 * Level 5.0 Poison Magic


You had 3 spell levels left.
You knew the following spells:

 Your Spells              Type           Power      Damage    Failure   Level
a - Sting                 Tmut/Pois      76%        1d6       4%          1
c - Mephitic Cloud        Conj/Pois/Air  12%        N/A       26%         3
v - Poisonous Vapours     Pois/Air       34%        N/A       9%          2

Your spell library contained the following spells:

 Spells                   Type           Power      Damage    Failure   Level
 Slow                     Hex            12%        N/A       17%         1
 Corpse Rot               Necr/Air       6%         N/A       26%         2
 Confusing Touch          Hex            3%         N/A       45%         3
 Vampiric Draining        Necr           3%         2d6       45%         3
 Olgreb's Toxic Radiance  Pois           30%        N/A       22%         4


Dungeon Overview and Level Annotations

Branches:
Dungeon (4/15)              Sewer (1/1)
 Temple: D:4-7

Altars:

Shops:
D:3 !

Annotations:
D:2 Natasha, Sigmund


Innate Abilities, Weirdness & Mutations

You cannot wear most types of armour.
You are amphibious.
You can wear up to eight rings at the same time.
Your skin changes colour to match your surroundings (Stealth+).
Your rubbery body absorbs attacks. (AC +1, EV +1)
You are camouflaged near water. (Stealth+)
You have tentacles for arms and can constrict up to eight enemies at once.


Message History

The kobold brigand looks even sicker.
The kobold brigand throws a curare-tipped dart.
The curare-tipped dart hits you.
You are poisoned.
You have difficulty breathing.
You feel yourself slow down.
Casting: Poisonous Vapours (safe; 9% risk of failure)
Confirm with . or Enter, or press ? or * to list all spells.
You don't have enough magic to cast this spell.
It was a potion of brilliance.
You feel clever all of a sudden.
You feel very sick.
It was a potion of invisibility.
You fade into invisibility!
You feel very sick.
Don't expect to remain undetected while in the water.
You feel sick.
You feel sick.
The kobold brigand throws a curare-tipped dart.
The curare-tipped dart misses you.
Don't expect to remain undetected while in the water.
You feel sick.
You feel sick.
You are no longer poisoned.
The kobold brigand throws a curare-tipped dart.
The curare-tipped dart closely misses you.
The kobold brigand looks more healthy.
Don't expect to remain undetected while in the water.
The kobold brigand throws a curare-tipped dart.
The curare-tipped dart hits you.
You are lethally poisoned!
You have difficulty breathing.
* * * LOW HITPOINT WARNING * * *
You feel as though you will be slow longer.
* * * LOW HITPOINT WARNING * * *
You feel very sick.
The kobold brigand throws a curare-tipped dart.
The curare-tipped dart hits you.
You are more poisoned.
You have difficulty breathing.
You die...

...## ##.≈.###)###.≈≈## #≈##
##≈####.####≈## #≈#
#≈###...###≈# #≈#
#≈##..∩..##≈# #≈#
#≈###≈..###≈# #≈##
##≈####.####≈## ..≈##
##.≈≈#######≈≈.##
≈)..####....≈#####.....####.
....≈≈≈≈≈.≈.≈≈≈≈@≈≈≈∩≈.≈≈≈≈.
....####≈...K#####.≈..≈####≈
.≈≈## ##.≈.## ##.≈.## ####
##≈## ##≈## #≈# #≈# #≈# #≈#
##≈## ##≈## ##≈.≈## ##.†≈##
?.#####.≈...#####.....#


You could see a kobold brigand.

Vanquished Creatures
  5 adders
  2 river rats (Sewer)
  3 dart slugs
  2 orcs (D:3)
  4 ball pythons (Sewer)
  7 bats
  11 endoplasms
  5 giant cockroaches
  4 goblins
  3 hobgoblins
  9 kobolds
  2 quokkas (D:1)
  5 frilled lizards
  4 rats
66 creatures vanquished.

Vanquished Creatures (others)
  10 plants (D:2)
10 creatures vanquished.

Grand Total: 76 creatures vanquished

Notes
Turn   | Place    | Note
-------+----------+-------------------------------------------
     0 | D:1      | orbtoucher the Octopode Venom Mage began the quest for the
                  | Orb.
     0 | D:1      | Reached XP level 1. HP: 11/11 MP: 3/3
   209 | D:1      | Reached XP level 2. HP: 17/17 MP: 1/5
   255 | D:1      | Learned a level 2 spell: Poisonous Vapours
   355 | D:1      | Reached skill level 4 in Poison Magic
  1088 | D:1      | Reached XP level 3. HP: 16/22 MP: 1/6
  1187 | D:1      | Learned a level 3 spell: Mephitic Cloud
  1636 | D:2      | Reached skill level 1 in Fighting
  1798 | D:2      | Noticed Natasha
  2350 | D:2      | Noticed Sigmund
  3168 | D:3      | Reached XP level 4. HP: 28/28 MP: 2/7
  3479 | D:3      | Found Athytum's Distillery.
  3484 | D:3      | Bought a potion of heal wounds for 55 gold pieces
  3684 | D:4      | Found a glowing drain.
  3727 | Sewer    | Entered a sewer
  4051 | Sewer    | Reached XP level 5. HP: 16/33 MP: 1/8
  4281 | Sewer    | Reached skill level 5 in Poison Magic
  4568 | Sewer    | Noticed a kobold brigand
  4584 | Sewer    | HP: 1/33 [poisoned by a kobold brigand (curare-tipped
                  | dart)]
  4584 | Sewer    | Asphyxiated

Illustrated notes

Levels and vault maps discovered:
D:1:      dpeg_arrival_pits, layout_basic, roderic_serpentine_path
D:2:      layout_rooms, dilly_ecumenical_altar_fadedgnrine, uniq_sigmund,
          uniq_natasha
D:3:      layout_loops_corners, serial_shops, nicolae_shop_hallway_stairs
D:4:      layout_rooms, gup_sewer_entry_glass
Sewer:    sewer_co_15_rooms

Skill      XL: |  1  2  3  4  5 |
---------------+----------------+-----
Poison Magic   | 4 5 |  5.0
Stealth        | 3 |  3.8
Fighting       | 1 |  1.6
Dodging        | |  2.7
Spellcasting   | |  2.6
Transmutations | |  1.0

Action                   |  1- 3 |  4- 6 || total
-------------------------+-------+-------++-------
Melee: Unarmed           |     9 |       ||     9
       Constrict         |     9 |    11 ||    20
       Dagger            |    36 |    47 ||    83
       Tentacles         |     5 |     6 ||    11
 Cast: Sting             |     9 |     6 ||    15
       Poisonous Vapours |    50 |    24 ||    74
  Use: Potion            |       |     3 ||     3
       Scroll            |       |     1 ||     1
 Stab: Sleeping          |     5 |     3 ||     8
Armor: Skin              |     4 |    16 ||    20
Dodge: Dodged            |    26 |    28 ||    54

Table legend: (Time is in decaauts)
 A = Elapsed time spent in this place.
 B = Non-inter-level travel time spent in this place.
 C = Inter-level travel time spent in this place.
 D = Time resting spent in this place.
 E = Time spent auto-exploring this place.
 F = Levels seen in this place.
 G = Mean time per level.
                   A        B        C        D        E       F      G
               +--------+--------+--------+--------+--------+-----+--------+
         Total |   4592 |   4369 |    223 |   2340 |   1281 |   5 |  918.4 |
       Dungeon |   3728 |   3505 |    223 |   1710 |   1270 |   4 |  932.0 |
         Sewer |    863 |    863 |      0 |    630 |     11 |   1 |  863.0 |
               +--------+--------+--------+--------+--------+-----+--------+

Top non-repeatable levels by time:
     D:1: 1672 daAuts
     D:3: 1308 daAuts
   Sewer: 863 daAuts
     D:2: 693 daAuts
     D:4: 54 daAuts
